 Dungeon Crawl Stone Soup version 0.29.1-2-gbd0b4ee654 (webtiles) character file.

Game seed: 17010263119392789000

375 Norrock the Charlatan (level 6, -16/47 HPs)
             Began as a Gnoll Artificer on Nov 2, 2022.
             Demolished by an ogre
             ... wielding a +0 giant spiked club
              (24 damage)
             ... on level 5 of the Dungeon.
             The game lasted 00:25:32 (5152 turns).

Norrock the Charlatan (Gnoll Artificer)             Turns: 5152, Time: 00:25:32

Health: -16/47     AC: 15    Str: 13    XL:     6   Next: 73%
Magic:  9/9        EV: 10    Int: 10    God:
Gold:   179        SH:  0    Dex: 13    Spells: 7/9 levels left

rFire   + . .      SeeInvis .   r - staff of air
rCold   . . .      Faith    .   (no shield)
rNeg    . . .      Spirit   .   s - +3 scale mail
rPois   .          Reflect  .   m - +0 helmet
rElec   +          Harm     .   l - scarf {+Inv}
rCorr   .          Rampage  .   g - +1 pair of gloves
Will    .....                   q - +0 pair of boots
Stlth   +.........              (no amulet)
HPRegen 0.15/turn               t - ring of protection from fire
MPRegen 0.11/turn               u - ring of wizardry

@: no status effects
A: fangs 1, strong nose, distributed training
a: Evoke Invisibility


You were on level 5 of the Dungeon.
You visited 1 branch of the dungeon, and saw 5 of its levels.

You collected 179 gold pieces.

Inventory:

Hand Weapons
 n - a +1 short sword of speed
Missiles
 h - 8 poisoned darts
 i - 5 javelins
Armour
 g - a +1 pair of gloves (worn)
 l - a scarf of invisibility (worn)
 m - a +0 helmet (worn)
 q - a +0 pair of boots (worn)
 s - a +3 scale mail (worn)
Magical Staves
 r - a staff of air (weapon)
Jewellery
 t - a ring of protection from fire (left hand)
 u - a ring of wizardry (right hand)
Wands
 c - a wand of flame (9)
 d - a wand of charming (14) (quivered)
 e - a wand of iceblast (5)
Scrolls
 b - 2 scrolls of fear
 j - 4 scrolls of identify
Potions
 a - a potion of ambrosia {unknown}
 f - 2 potions of heal wounds
 k - 2 potions of curing
 o - 2 potions of lignification
 v - a potion of magic {unknown}


   Skills:
 + Level 3.4 Fighting
 + Level 2.1 Short Blades
 + Level 2.1 Long Blades
 + Level 2.1 Axes
 + Level 2.1 Maces & Flails
 + Level 2.1 Polearms
 + Level 2.1 Staves
 + Level 2.1 Ranged Weapons
 + Level 2.1 Throwing
 + Level 5.1 Armour
 + Level 3.4 Dodging
 + Level 3.2 Stealth
 + Level 2.1 Shields
 + Level 2.1 Unarmed Combat
 + Level 2.1 Spellcasting
 + Level 1.7 Conjurations
 + Level 1.7 Hexes
 + Level 1.7 Summonings
 + Level 1.7 Necromancy
 + Level 1.7 Translocations
 + Level 1.7 Transmutations
 + Level 1.7 Fire Magic
 + Level 1.7 Ice Magic
 + Level 1.7 Air Magic
 + Level 1.7 Earth Magic
 + Level 1.7 Poison Magic
 + Level 2.4 Invocations
 + Level 6.9 Evocations


You had 7 spell levels left.
You knew the following spells:

 Your Spells              Type           Power      Damage    Failure   Level
a - Static Discharge      Conj/Air       6%         3-4/arc   34%         2

Your spell library contained the following spells:

 Spells                   Type           Power      Damage    Failure   Level
 Lightning Bolt           Conj/Air       3%         1d14      99%         5
 Maxwell's Capacitive Co  Air            3%         ∞         100%        8


Dungeon Overview and Level Annotations

Branches:
Dungeon (5/15)
 Temple: D:4-7

Altars:
Ashenzari
Elyvilon
Kikubaaqudgha
Qazlal
Ru


Innate Abilities, Weirdness & Mutations

You have very sharp teeth.
Your uncanny sense of smell can sniff out nearby items.
Your experience applies equally to all skills.


Message History

Press: ? - help, Q - select action, (/) - cycle Shift-Dir - straight line, f/p - ogre
Aim: an ogre, wielding a +0 giant spiked club (confused, blind, 86% to hit)
You throw a poisoned dart. The poisoned dart hits the ogre.
The ogre is poisoned.
The ogre seems less confused.
The ogre is no longer blind.
The ogre looks more healthy.
Throw: 9 darts (poison)
Press: ? - help, Q - select action, (/) - cycle Shift-Dir - straight line, f/p - ogre
Aim: an ogre, wielding a +0 giant spiked club (moderately wounded, 74% to hit)
You throw a poisoned dart. The poisoned dart hits the ogre.
The ogre is poisoned.
The ogre is moderately wounded.
The ogre attacks as you move away!
The ogre hits you with a +0 giant spiked club!
The ogre looks more healthy.
You barely miss the ogre.
The ogre is moderately wounded.
The ogre hits you with a +0 giant spiked club.
You hit the ogre. Your bite misses the ogre.
The ogre is heavily wounded.
You hit the ogre.
The ogre is heavily wounded.
The ogre closely misses you.
You hit the ogre but do no damage.
The ogre is heavily wounded.
The ogre hits you with a +0 giant spiked club!
You barely miss the ogre.
The ogre is heavily wounded.
The ogre barely misses you.
You hit the ogre but do no damage.
The ogre is heavily wounded.
You hit the ogre.
The ogre is severely wounded.
The ogre hits you with a +0 giant spiked club!!
* * * LOW HITPOINT WARNING * * *
The ogre attacks as you move away!
The ogre hits you with a +0 giant spiked club!!
Ouch! That really hurt!
You die...

#.........#..#..>.##....
#.#.###.#.# #.....##....
#.#.....#.# #.#.......(.
#.#.._..#.#.. #..)......
##.#.....#.## #.#...<...
#..#.###.#.# #.#..(....
#..........# #.#.(.....
#..#######.# #.#.......
#......O@..# #.........
#....###########.####....
####.......(........#####
###########......#
#......# ########


You could see an ogre.

Vanquished Creatures
  A scorpion (D:4)
  A jelly (D:4)
  A hound (D:4)
  2 orc wizards
  Robin (D:2)
  4 gnolls
  3 adders
  4 worms
  A dart slug (D:2)
  11 orcs
  5 endoplasms
  3 giant cockroaches
  14 goblins
  15 hobgoblins
  7 ball pythons
  8 bats
  5 frilled lizards
  13 kobolds
  2 rats (D:1)
101 creatures vanquished.

Vanquished Creatures (others)
  An adder (D:2)
1 creature vanquished.

Grand Total: 102 creatures vanquished

Notes
Turn   | Place    | Note
-------+----------+-------------------------------------------
     0 | D:1      | Norrock the Gnoll Artificer began the quest for the Orb.
     0 | D:1      | Reached XP level 1. HP: 17/17 MP: 1/1
   403 | D:1      | Reached XP level 2. HP: 18/23 MP: 2/2
   918 | D:1      | Reached XP level 3. HP: 28/28 MP: 3/3
  1275 | D:2      | Reached skill level 1 in Invocations
  1591 | D:2      | Reached skill level 1 in Short Blades
  1591 | D:2      | Reached skill level 1 in Long Blades
  1591 | D:2      | Reached skill level 1 in Axes
  1591 | D:2      | Reached skill level 1 in Maces & Flails
  1591 | D:2      | Reached skill level 1 in Polearms
  1591 | D:2      | Reached skill level 1 in Staves
  1591 | D:2      | Reached skill level 1 in Ranged Weapons
  1591 | D:2      | Reached skill level 1 in Throwing
  1591 | D:2      | Reached skill level 1 in Shields
  1591 | D:2      | Reached skill level 1 in Unarmed Combat
  1591 | D:2      | Reached skill level 1 in Spellcasting
  1745 | D:2      | Reached XP level 4. HP: 27/34 MP: 5/5
  1950 | D:2      | Noticed Robin
  1959 | D:2      | Killed Robin
  1974 | D:2      | Reached skill level 1 in Conjurations
  1974 | D:2      | Reached skill level 1 in Hexes
  1974 | D:2      | Reached skill level 1 in Summonings
  1974 | D:2      | Reached skill level 1 in Necromancy
  1974 | D:2      | Reached skill level 1 in Translocations
  1974 | D:2      | Reached skill level 1 in Transmutations
  1974 | D:2      | Reached skill level 1 in Fire Magic
  1974 | D:2      | Reached skill level 1 in Ice Magic
  1974 | D:2      | Reached skill level 1 in Air Magic
  1974 | D:2      | Reached skill level 1 in Earth Magic
  1974 | D:2      | Reached skill level 1 in Poison Magic
  2034 | D:2      | Learned a level 2 spell: Static Discharge
  2701 | D:2      | Reached XP level 5. HP: 11/40 MP: 5/7
  3703 | D:3      | Found a faded altar of an unknown god.
  4143 | D:4      | Found a large runed translucent door.
  4146 | D:4      | Reached XP level 6. HP: 47/47 MP: 8/8
  4148 | D:4      | Found a large runed translucent door.
  4198 | D:4      | Found a white marble altar of Elyvilon.
  4205 | D:4      | Reached skill level 5 in Armour
  4221 | D:4      | Found a sacrificial altar of Ru.
  4487 | D:4      | Found a broken altar of Ashenzari.
  4776 | D:5      | Entered Level 5 of the Dungeon
  4798 | D:5      | Found an ancient bone altar of Kikubaaqudgha.
  5081 | D:5      | Found a stormy altar of Qazlal.
  5152 | D:5      | Demolished by an ogre

Illustrated notes

Levels and vault maps discovered:
D:1:      nzn_arrival_settlement, layout_loops_ring, kennysheep_minor_cross,
          chequers_serial_rivers_micro_b, st_stairs_2
D:2:      layout_basic, uniq_robin
D:3:      layout_basic, shapermc_ecumenical_altar_hornbeckon
D:4:      layout_cave_pools, jmf_multi_god_temple2, pf_just_have_faith,
          grunt_ministairs_9, hangedman_decor_peaks_small
D:5:      layout_rooms, nicolae_overflow_crystal_walls,
          mainiacjoe_overflow_cross_hatched, temple_statues,
          gammafunk_ghost_abyssal_escape

Skill      XL: |  1  2  3  4  5  6 |
---------------+-------------------+-----
Invocations    | 1 2 |  2.4
Short Blades   | 1 2 |  2.1
Long Blades    | 1 2 |  2.1
Axes           | 1 2 |  2.1
Maces & Flails | 1 2 |  2.1
Polearms       | 1 2 |  2.1
Staves         | 1 2 |  2.1
Ranged Weapons | 1 2 |  2.1
Throwing       | 1 2 |  2.1
Shields        | 1 2 |  2.1
Unarmed Combat | 1 2 |  2.1
Spellcasting   | 1 2 |  2.1
Conjurations   | 1 |  1.7
Hexes          | 1 |  1.7
Summonings     | 1 |  1.7
Necromancy     | 1 |  1.7
Translocations | 1 |  1.7
Transmutations | 1 |  1.7
Fire Magic     | 1 |  1.7
Ice Magic      | 1 |  1.7
Air Magic      | 1 |  1.7
Earth Magic    | 1 |  1.7
Poison Magic   | 1 |  1.7
Fighting       | 3 |  3.4
Dodging        | 3 |  3.4
Stealth        | 3 |  3.2
Armour         | 5 |  5.1
Evocations     | |  6.9

Action                   |  1- 3 |  4- 6 || total
-------------------------+-------+-------++-------
Melee: Club              |    18 |       ||    18
       Dagger            |    14 |       ||    14
       Bite              |     6 |    20 ||    26
       Short sword       |    68 |    53 ||   121
       Staff             |       |   192 ||   192
       Punch             |       |     3 ||     3
Throw: Javelin           |    21 |     5 ||    26
       Dart              |       |    23 ||    23
 Cast: Static Discharge  |       |     3 ||     3
Evoke: Wand              |     4 |     3 ||     7
  Use: Scroll            |     4 |     2 ||     6
       Potion            |     2 |     2 ||     4
 Stab: Sleeping          |     4 |     5 ||     9
Armor: Leather armour    |    32 |    67 ||    99
       Scale mail        |       |    36 ||    36
Dodge: Dodged            |    55 |   175 ||   230
